 Dungeon Crawl Stone Soup version 0.28-a0-1613-gdaab1c2f9b (webtiles) character file.

Game seed: 12967342500885999265

56 murtidash the Magician (level 4, -4/33 HPs)
             Began as a Djinni Warper on Jan 21, 2022.
             Slain by Terence (9 damage)
             ... on level 2 of the Dungeon.
             The game lasted 00:01:58 (2526 turns).

murtidash the Magician (Djinni Warper)              Turns: 2526, Time: 00:01:58

Health: -4/33      AC:  3    Str: 10    XL:     4   Next: 17%
Gold:   93         EV: 11    Int: 16    God:
                   SH:  0    Dex: 13

rFire   + + .      SeeInvis .   k - +3 dagger
rCold   x . .      Faith    .   (no shield)
rNeg    . . .      Spirit   .   b - +0 leather armour
rPois   ∞          Reflect  .   (no helmet)
rElec   .          Harm     .   (no cloak)
rCorr   .          Rampage  .   (no gloves)
Will    .....                   (boots unavailable)
Stlth   +.........              (no amulet)
HPRegen 0.11/turn               (no ring)
MPRegen 0.00/turn               (no ring)

@: flying
A: sickness immunity, fire resistance 2, cold vulnerability 1, float, innate
caster, hp casting, extra vitality 1
a: no special abilities


You were on level 2 of the Dungeon.
You visited 1 branch of the dungeon, and saw 2 of its levels.

You collected 93 gold pieces.

Inventory:

Hand Weapons
 a - a +0 short sword
 h - a +0 short sword
   (You took it off a kobold on level 1 of the Dungeon)
 k - a +3 dagger (weapon)
   (You took it off a goblin on level 1 of the Dungeon)
Missiles
 d - 5 boomerangs of dispersal {=f}
Armour
 b - a +0 leather armour (worn)
Magical Staves
 i - a staff of cold {rC+}
   (You found it on level 1 of the Dungeon)
Jewellery
 l - a ring of fire {rF+, rC-}
   (You found it on level 1 of the Dungeon)
Scrolls
 c - a scroll of blinking {!r}
 g - a scroll of teleportation {unknown}
 j - a scroll of magic mapping {unknown}
 m - a scroll of enchant weapon {unknown}
 n - a scroll of noise {unknown}
 o - a scroll of vulnerability {unknown}
Potions
 e - 2 potions of flight {unknown}
 f - a potion of might {unknown}


   Skills:
 - Level 2.0 Fighting
 - Level 1.7 Short Blades
 - Level 0.7 Throwing
 - Level 1.0 Armour
 - Level 2.1 Dodging
 + Level 3.7 Spellcasting


You couldn't memorise any spells.
You knew the following spells:

 Your Spells              Type           Power      Damage    Failure   Level
b - Blink                 Tloc           28%        N/A       8%          2
s - Slow                  Hex            56%        N/A       5%          1
M - Manifold Assault      Tloc           14%        N/A       82%         5
U - Teleport Other        Tloc           14%        N/A       16%         3
X - Gell's Gravitas       Tloc           14%        N/A       16%         3
Z - Lesser Beckoning      Tloc           14%        N/A       16%         3
Your spell library was empty.

Dungeon Overview and Level Annotations

Branches:
Dungeon (2/15)

Altars:

Annotations:
D:2 Terence


Innate Abilities, Weirdness & Mutations

You are immune to sickness and miasma.
You are immune to poison.
Your flesh is very heat resistant. (rF++)
You are vulnerable to cold. (rC-)
You float through the air rather than walking.
You learn spells naturally, not from books.
Your magical power is your life essence.
You have superior vitality. (+4 MHP)


Message History

No target in view!
No target in view!
You see here a +0 scale mail.
An adder comes into view.
The adder hisses angrily.
Health restored: 28 You hit the adder.
The adder bites you.
You take 2 damage, and have 26/28 hp.
You hit the adder. The adder bites you.
You take 2 damage, and have 24/28 hp.
You closely miss the adder. The adder bites you.
You take 2 damage, and have 22/28 hp.
You hit the adder. The adder misses you. The adder bites you.
You take 4 damage, and have 18/28 hp.
You are too injured to fight recklessly!
You are too injured to fight recklessly!
You are too injured to fight recklessly!
You are too injured to fight recklessly!
You are too injured to fight recklessly!
You are too injured to fight recklessly!
You are too injured to fight recklessly!
You are too injured to fight recklessly!
You are too injured to fight recklessly!
You are too injured to fight recklessly!
You are too injured to fight recklessly!
You are too injured to fight recklessly!
You are too injured to fight recklessly!
You are too injured to fight recklessly!
You are too injured to fight recklessly!
You are too injured to fight recklessly!
You are too injured to fight recklessly!
You are too injured to fight recklessly!
You are too injured to fight recklessly!
You are too injured to fight recklessly!
You are too injured to fight recklessly!
You hit the adder.
You kill the adder!
You have reached level 4!
You feel agile.
You regained 4 hp, and now have 22/33 hp.
You now have 93 gold pieces (gained 19).
A bat comes into view.
Health restored: 33 The bat hits you but does no damage.
Found a stone staircase leading down.
The bat barely misses you.
You hit the bat.
You kill the bat!
No target in view!
No target in view!
No target in view!
No target in view!
No target in view!
No target in view!
No target in view!
No target in view!
No target in view!
No target in view!
No target in view!
No target in view!
No target in view!
No target in view!
Terence the Incautious comes into view.
He is wielding a +2 mace of protection.
Okay, then.
Unknown command.
Aim: Terence, wielding a +2 mace of protection and wearing a +0 scale mail (asleep, chance to affect: 62%) Terence seems to slow down.
You take 1 damage, and have 32/33 hp.
Terence drinks a potion.
Terence flickers and vanishes!
Deactivating autopickup; reactivate with Ctrl-A.
No target in view!
You hit something but do no damage. Something hits you!
You take 6 damage, and have 26/33 hp.
You hit something. Something hits you.
You take 1 damage, and have 25/33 hp.
You miss something. You hit something. Something hits you but does no damage.
You hit something but do no damage. Something hits you.
You take 2 damage, and have 23/33 hp.
You miss something. You miss something. Something hits you.
You take 3 damage, and have 20/33 hp.
You closely miss something. You hit something. Something completely misses you.
You hit something but do no damage. Something hits you but does no damage.
You hit something. You hit something but do no damage. Something hits you.
You take 1 damage, and have 20/33 hp.
You closely miss something. Something hits you but does no damage.
You miss something. You closely miss something. Something hits you.
You take 6 damage, and have 14/33 hp.
You closely miss something. Something hits you.
* * * LOW HITPOINT WARNING * * *
You take 6 damage, and have 8/33 hp.
You hit something but do no damage. You miss something. Something hits you.
* * * LOW HITPOINT WARNING * * *
You take 3 damage, and have 5/33 hp.
You hit something but do no damage. Something hits you!
You die...

# #.. . #######.# #
.......#.# ###
.......#.# #..
........#.### #.#
.............# #.#
............{.$# #(#
#............@..# #.#
#...............# #..
#...............#)..
###
................'...
#
#...............#....
#
................#....
.####
#............>..+ ...
.....
#.####...#.##+### ..
.#### #........#.#


There were no monsters in sight!

Vanquished Creatures
  2 adders (D:2)
  A dart slug (D:1)
  2 ball pythons
  5 endoplasms
  A giant cockroach (D:1)
  4 goblins
  2 hobgoblins
  4 jackals
  A kobold (D:1)
  3 quokkas (D:1)
  3 bats
  2 frilled lizards
  A rat (D:2)
31 creatures vanquished.

Notes
Turn   | Place    | Note
-------+----------+-------------------------------------------
     0 | D:1      | murtidash the Djinni Warper began the quest for the Orb.
     0 | D:1      | Reached XP level 1. HP: 18/18 MP: 0/0
   557 | D:1      | Reached XP level 2. HP: 22/23 MP: 0/0
   933 | D:1      | HP: 2/23 [frozen (3)]
  1241 | D:1      | Reached skill level 3 in Spellcasting
  1364 | D:1      | Reached XP level 3. HP: 28/28 MP: 0/0
  1364 | D:1      | Learned a level 1 spell: Slow
  2339 | D:2      | Reached XP level 4. HP: 22/33 MP: 0/0
  2502 | D:2      | Noticed Terence
  2525 | D:2      | HP: 5/33 [something (3)]
  2526 | D:2      | Slain by Terence

Illustrated notes

Levels and vault maps discovered:
D:1:      dpeg_arrival_arbitrary_a, layout_basic
D:2:      layout_basic, uniq_terence

Skill      XL: |  1  2 |
---------------+-------+-----
Spellcasting   | 3 |  3.7
Fighting       | |  2.0
Short Blades   | |  1.7
Throwing       | |  0.7
Armour         | |  1.0
Dodging        | |  2.1

Action                   |  1- 3 |  4- 6 || total
-------------------------+-------+-------++-------
Melee: Short sword       |    45 |       ||    45
       Dagger            |    82 |    20 ||   102
 Cast: Slow              |       |     1 ||     1
Armor: Leather armour    |    27 |     4 ||    31
Dodge: Dodged            |    77 |     2 ||    79

Table legend: (Time is in decaauts)
 A = Elapsed time spent in this place.
 B = Non-inter-level travel time spent in this place.
 C = Inter-level travel time spent in this place.
 D = Time resting spent in this place.
 E = Time spent auto-exploring this place.
 F = Levels seen in this place.
 G = Mean time per level.
                   A        B        C        D        E       F      G
               +--------+--------+--------+--------+--------+-----+--------+
         Total |   2516 |   2498 |     18 |      0 |   2238 |   2 | 1258.0 |
       Dungeon |   2516 |   2498 |     18 |      0 |   2238 |   2 | 1258.0 |
               +--------+--------+--------+--------+--------+-----+--------+

Top non-repeatable levels by time:
     D:1: 1815 daAuts
     D:2: 700 daAuts

Table legend:
 A = Kills in this place as a percentage of kills in entire the game.
 B = Kills by you in this place as a percentage of kills by you in the entire game.
 C = Kills by friends in this place as a percentage of kills by friends in the entire game.
 D = Other kills in this place as a percentage of other kills in the entire game.
 E = Experience gained in this place as a percentage of experience gained in the entire game.
 F = Experience gained in this place divided by the number of levels of this place that you have seen.
                   A       B       C       D       E      F
               +-------+-------+-------+-------+-------+----------------------
         Total | 100.0 | 100.0 |   N/A |   N/A | 100.0 |  40.5
       Dungeon | 100.0 | 100.0 |   N/A |   N/A | 100.0 |  40.5
               +-------+-------+-------+-------+-------+----------------------
